 Dungeon Crawl Stone Soup version 0.28.0-62-gf88900778d (webtiles) character file.

Game seed: 4736725068138105134

61 cbfl8 the Shield-Bearer (level 4, 0/40 HPs)
             Began as a Hill Orc Fighter on May 1, 2023.
             Slain by an adder (2 damage)
             ... on level 2 of the Dungeon.
             The game lasted 00:01:35 (1617 turns).

cbfl8 the Shield-Bearer (Hill Orc Fighter)          Turns: 1617, Time: 00:01:36

Health: 0/40       AC:  8    Str: 18    XL:     4   Next: 7%
Magic:  4/4        EV:  9    Int:  8    God:
Gold:   71         SH:  5    Dex: 12    Spells: 3/3 levels left

rFire   . . .      SeeInvis .   a - +0 war axe
rCold   . . .      Faith    .   c - +0 buckler
rNeg    . . .      Spirit   .   b - +0 scale mail
rPois   .          Reflect  .   (no helmet)
rElec   .          Harm     .   (no cloak)
rCorr   .          Rampage  .   f - +0 pair of gloves
Will    .....                   (no boots)
Stlth   ..........              (no amulet)
HPRegen 0.13/turn               (no ring)
MPRegen 0.09/turn               (no ring)

@: lethally poisoned (0 -> -1)
A: no striking features
a: no special abilities


You were on level 2 of the Dungeon.
You visited 1 branch of the dungeon, and saw 2 of its levels.

You collected 71 gold pieces.

Inventory:

Hand Weapons
 a - a +0 war axe (weapon)
Armour
 b - a +0 scale mail (worn)
 c - a +0 buckler (worn)
 f - a +0 pair of gloves (worn)
Potions
 d - a potion of might
 e - a potion of curing {unknown}


   Skills:
 + Level 3.8 Fighting
 + Level 3.3 Axes
 + Level 3.7 Armour
 + Level 0.9 Dodging
 + Level 3.9 Shields
 * Level 0.6 Invocations
 * Level 0.6 Evocations


You had 3 spell levels left.
You didn't know any spells.
Your spell library was empty.

Dungeon Overview and Level Annotations

Branches:
Dungeon (2/15)

Altars:

Shops:
D:2 !


Message History

The adder bites you but does no damage.
There is an open door here.
A frilled lizard comes into view.
The frilled lizard hisses angrily.
A hobgoblin comes into view.
Found a stone staircase leading down.
The hobgoblin shouts!
An adder comes into view.
The adder barely misses you.
You barely miss the frilled lizard. You closely miss the adder.
The adder hisses angrily.
The adder bites you but does no damage.
The frilled lizard bites you but does no damage.
You slash the frilled lizard!
You kill the frilled lizard!
You barely miss the adder. You miss the adder.
The adder bites you but does no damage. The adder bites you.
You are poisoned.
The adder poisons you! You block the gnoll's attack.
The adder bites you but does no damage. The adder misses you.
You feel sick. The adder barely misses you. The hobgoblin barely misses you.
You feel sick. The adder bites you.
You are more poisoned.
The adder poisons you! The adder bites you but does no damage.
You see here a scroll labelled ZUKHAITZUB.
You feel sick.
You feel sick.
You feel sick.
You feel sick. You block the adder's attack.
The adder bites you but does no damage.
You open the door.
You feel sick. The adder bites you but does no damage.
The gnoll hits you from afar with a +0 halberd!
* * * LOW HITPOINT WARNING * * *
The adder bites you.
* * * LOW HITPOINT WARNING * * *
* * * LOW HITPOINT WARNING * * *
You feel sick.
An endoplasm comes into view.
The adder bites you.
You die...

#.....#...>..... #.......# J..#
#.......# ... # #......?###.###.#
#.................#
......##..gg...###
#.......#.......#
#.#####.#...SSS.#
#.#####..####@#####.....#.∩.
#....###.## #.#.......=.....
#....###..###.#...........#
#.........................
####....####..##.#.........#
........# ##.<#.# #.....#
.....<#+#####..#.#####)....######
............##.................(.
............##.#)################


You could see a gnoll, 3 adders, an endoplasm (wandering) and a hobgoblin.

Vanquished Creatures
  2 gnolls
  An adder (D:2)
  5 ball pythons
  4 bats
  2 endoplasms
  2 giant cockroaches (D:1)
  5 goblins
  2 hobgoblins (D:1)
  2 jackals (D:1)
  2 kobolds (D:1)
  2 frilled lizards
  3 rats (D:1)
32 creatures vanquished.

Notes
Turn   | Place    | Note
-------+----------+-------------------------------------------
     0 | D:1      | cbfl8 the Hill Orc Fighter began the quest for the Orb.
     0 | D:1      | Reached XP level 1. HP: 19/19 MP: 1/1
   101 | D:1      | Reached XP level 2. HP: 26/27 MP: 2/2
   561 | D:1      | Reached XP level 3. HP: 32/33 MP: 3/3
   746 | D:1      | Found a faded altar of an unknown god.
  1460 | D:2      | Reached XP level 4. HP: 15/40 MP: 4/4
  1511 | D:2      | Found Jipaibre's Distillery.
  1617 | D:2      | HP: 2/40 [poisoned by an adder]
  1617 | D:2      | Slain by an adder

Illustrated notes

Levels and vault maps discovered:
D:1:      doesnt_arrival_eight_statues, layout_basic,
          shapermc_ecumenical_altar_hornbeckon
D:2:      layout_basic, serial_shops, nicolae_shop_stone, st_stairs_3

Skill      XL: |  1  2 |
---------------+-------+-----
Axes           | 3 |  3.3
Fighting       | |  3.8
Armour         | |  3.7
Dodging        | |  0.9
Shields        | |  3.9
Invocations    | |  0.6
Evocations     | |  0.6

Action                   |  1- 3 |  4- 6 || total
-------------------------+-------+-------++-------
Melee: War axe           |    87 |     3 ||    90
Armor: Scale mail        |    58 |    18 ||    76
Dodge: Dodged            |    58 |     9 ||    67
Block: Buckler           |    39 |     7 ||    46
